 Dungeon Crawl Stone Soup version 0.18.1-8-gdd0e5ea (webtiles) character file.

84 Stormphoenix the Poker (level 4, -4/35 HPs)
             Began as a Formicid Abyssal Knight on June 11, 2016.
             Was a Believer of Lugonu.
             Killed from afar by Natasha (5 damage)
             ... with a magic dart
             ... on level 2 of the Dungeon.
             The game lasted 00:04:13 (1140 turns).

Stormphoenix the Poker (Formicid Abyssal Knight)    Turns: 1140, Time: 00:04:14

Health: -4/35      AC:  6    Str: 17    XL:     4   Next: 72%
Magic:  4/5        EV:  4    Int: 12    God:    Lugonu [**....]
Gold:   43         SH:  0    Dex: 10    Spells: 0 memorised, 3 levels left

rFire  + . .     SeeInvis +     a - +1 spear
rCold  + . .     Gourm    .     e - +0 scale mail
rNeg   . . .     Faith    .     (no shield)
rPois  +         Spirit   .     (helmet unavailable)
rElec  +         Dismiss  .     (no cloak)
rCorr  +         Reflect  .     (no gloves)
SustAt .         Harm     .     (no boots)
MR     .....                    (no amulet)
Stlth  ..........               (no ring)
                                (no ring)

@: resistant, very slightly contaminated, invisible, not resistant to hostile
enchantments, extremely unstealthy
A: permanent stasis, dig shafts and tunnels, four strong arms, antennae 3
a: Dig, Shaft Self, Depart the Abyss, Bend Space, Renounce Religion


You were on level 2 of the Dungeon.
You worshipped Lugonu.
Lugonu was pleased with you.
You were hungry.

You visited 1 branch of the dungeon, and saw 2 of its levels.
You visited the Abyss 1 time.

You collected 43 gold pieces.

Inventory:

Hand Weapons
 a - a +1 spear (weapon)
Armour
 e - a +0 scale mail (worn)
Scrolls
 f - a scroll of identify
Comestibles
 b - a meat ration
 c - a bread ration


   Skills:
 - Level 3.2 Fighting
 + Level 4.5 Polearms
 - Level 2.1 Armour
 - Level 0.8 Dodging
 - Level 2.1 Invocations


You had 3 spell levels left.
You didn't know any spells.

Dungeon Overview and Level Annotations

Branches:
Dungeon (2/15)

Altars:
Dithmenos

Annotations:
D:2 Natasha


Innate Abilities, Weirdness & Mutations

You are under a permanent stasis effect.
You can dig through walls and to a lower floor.
Your four strong arms can wield two-handed weapons with a shield.
You have a pair of large antennae on your head (SInv).


Message History

Natasha claws you.
You closely miss Natasha.
Natasha is severely wounded.
The crimson imp hits you but does no damage.
The crimson imp hits you.
* * * LOW HITPOINT WARNING * * *
Natasha claws you.
* * * LOW HITPOINT WARNING * * *
Space bends around you!
You blink.
* * * LOW HITPOINT WARNING * * *
You feel slightly more hungry.
Found a scroll of identify.
Found a stone staircase leading down.
Natasha mumbles some strange words.
You see here a scroll of identify.
There is a stone staircase leading down here.
You can't go up here!
The crimson imp shouts!
Natasha casts a spell at you. The magic dart hits you!
You die...

###### ###....#
# ....... .####
#....##....##
.###....#.......
........#.#.#...
#.#...@..#.....
##.....?#......
........#...##.
............#
####...h....#
##.#.5....#
####.....##...#
#....#5.## ..#
#......## ..##


You could see Natasha and 2 crimson imps.

Vanquished Creatures
  A hound (D:2)
  Jessica (D:2)
  A giant gecko (D:2)
  3 bats
  A giant cockroach (D:2)
  A goblin (D:1)
  7 hobgoblins
  3 jackals (D:2)
  A quokka (D:2)
  2 giant newts
  2 kobolds (D:2)
  A rat (D:1)
24 creatures vanquished.

Notes
Turn   | Place    | Note
--------------------------------------------------------------
     0 | Abyss:1  | Stormphoenix the Formicid Abyssal Knight began the quest for the Orb.
     0 | Abyss:1  | Reached XP level 1. HP: 18/18 MP: 2/2
    73 | D:1      | Escaped the Abyss
   383 | D:1      | Reached XP level 2. HP: 24/24 MP: 3/3
   875 | D:2      | Reached skill level 3 in Polearms
   981 | D:2      | Noticed Jessica
   994 | D:2      | Reached XP level 3. HP: 28/29 MP: 4/4
  1000 | D:2      | Killed Jessica
  1000 | D:2      | Reached XP level 4. HP: 32/35 MP: 5/5
  1027 | D:2      | Found a shadowy altar of Dithmenos.
  1035 | D:2      | Reached skill level 4 in Polearms
  1061 | D:2      | Reached ** piety under Lugonu
  1102 | D:2      | Noticed Natasha
  1135 | D:2      | HP: 1/35 [spatial distortion (2)]
  1140 | D:2      | Killed from afar by Natasha

Skill      XL: |  1  2  3  4 |
---------------+-------------+-----
Polearms       | 3 4 |  4.5
Fighting       | |  3.2
Armour         | |  2.1
Dodging        | |  0.8
Invocations    | |  2.1

Action                   |  1- 3 |  4- 6 || total
-------------------------+-------+-------++-------
Melee: Spear             |    67 |    47 ||   114
Invok: Bend Space        |       |     1 ||     1
  Use: Scroll            |     5 |       ||     5
       Potion            |       |     3 ||     3
Armor: Scale mail        |    31 |    29 ||    60
Dodge: Dodged            |    28 |    17 ||    45
